Cogmind - Beta 14 @@@ ROGUE MODE // 2024.12.06 @ 22:05:47 Player: Komeiji O. Result: Destroyed by AG-04813 with Assembled Focal Cannon Performance ------------- Evolutions (3) 1500 Regions Visited (11) 2200 Robots Destroyed (145) 725 Value Destroyed (4390) 4390 Prototype IDs (25) 500 Alien Tech Used (0) 0 Bonus (2422) 2422 TOTAL SCORE: 11737 Bonus ------- High Alert Combat Kills 580 Follower Combat Kills 42 Entered Garrisons 200 Met Imprinter 300 Destroyed Z-Imprinter 1000 Acquired ECA 300 Cogmind --------- Core Integrity 0/700 Matter 300/300 Energy 654/700 System Corruption 0% Temperature Cool (74) Movement Walking (136) Location -7/Deep Caves Parts ------- > --- POWER (1) -------- Zionite Light DM Reactor > --- PROPULSION (4) --- Zionite Composite Leg I Assembled Alloy Leg Assembled Alloy Leg > --- UTILITY (5) ------ Medium Storage Unit Zionite Biocell GOLEM Unit > --- WEAPON (3) ------- Lightning Gun Long-range Proton Cannon Makeshift Hammer > --- INVENTORY (10) --- Zionite Light DM Reactor Experimental Heat Sink Experimental Heat Sink Zionite Metafield Generator Encrypted Comm Array Improved Transmission Jammer Experimental Reaction Control System Zionite Laser-S Rocket Array Improved Plasma Cutter Peak State ------------ > --- POWER ------------ Zionite Light DM Reactor > --- PROPULSION ------- Zionite Composite Leg I Assembled Alloy Leg Assembled Alloy Leg Combat Airjet > --- UTILITY ---------- Medium Storage Unit Zionite Biocell Zionite Weapon Casing GOLEM Unit > --- WEAPON ----------- Lightning Gun Long-range Proton Cannon Makeshift Hammer > --- INVENTORY -------- Zionite Light DM Reactor Experimental Heat Sink Experimental Heat Sink Zionite Metafield Generator Encrypted Comm Array Improved Transmission Jammer Experimental Reaction Control System Zionite Laser-S Rocket Array Improved Plasma Cutter [Rating: 86] Favorites ----------- Power Improved Ion Engine Engine Improved Ion Engine Power Core Micro Nuclear Core Reactor Zionite Light DM Reactor Propulsion Light Treads Treads Light Treads Leg Aluminum Leg Wheel Wheel Hover Unit Combat Airjet Utility Improved Heat Sink Device Improved Heat Sink Storage Medium Storage Unit Processor Core Analyzer Protection Improved Medium Armor Plating Weapon Medium Laser Energy Gun Medium Laser Energy Cannon Long-range Proton Cannon Ballistic Gun Light Assault Rifle Ballistic Cannon Gauss Cannon Launcher Proton Missile Launcher Special Weapon Improved Plasma Cutter Impact Weapon Mace Special Melee Weapon Improved Datajack Build | -11 -10 -9 -9 -8 -8 -8 -7 -7 -7 -7 -7 ------- Run | Yrd Mat Mat Min Mat Gar Mat Fac Low Low Zio Dee Slots Evolved 6 | . . 2 . 2 . . 2 . . . . Power . | . . . . . . . . . . . . Propulsion 2 | . . 1 . . . . 1 . . . . Utility 3 | . . . . 2 . . 1 . . . . Weapon 1 | . . 1 . . . . . . . . . Parts Attached 219 | 7 16 21 9 31 60 1 17 5 5 18 29 Power 21 | 1 4 3 . 3 6 . 1 . . . 3 Engine 14 | 1 4 3 . 2 3 . . . . . 1 Core 5 | . . . . 1 3 . 1 . . . . Reactor 2 | . . . . . . . . . . . 2 Propulsion 44 | 2 5 7 . 6 13 . 5 . . 1 5 Treads 18 | 2 1 5 . 3 6 . . . . . 1 Leg 4 | . 2 1 . . . . . . . . 1 Wheel 5 | . 2 1 . 2 . . . . . . . Hover 17 | . . . . 1 7 . 5 . . 1 3 Flight . | . . . . . . . . . . . . Utility 66 | 2 4 2 3 11 14 1 7 3 1 7 11 Device 32 | 1 2 . 1 8 4 1 3 3 1 4 4 Storage 7 | 1 2 1 . . 1 . . . . 1 1 Processor 2 | . . . . . 1 . 1 . . . . Hackware . | . . . . . . . . . . . . Protection 25 | . . 1 2 3 8 . 3 . . 2 6 Artifact . | . . . . . . . . . . . . Weapon 88 | 2 3 9 6 11 27 . 4 2 4 10 10 Energy Gun 25 | 2 2 3 . 3 5 . 2 . 1 2 5 Energy Cannon 3 | . . . . 1 1 . . . . . 1 Ballistic Gun 26 | . 1 4 4 . 13 . . 1 2 1 . Ballistic Cannon 4 | . . . . 3 1 . . . . . . Launcher 17 | . . 1 2 3 5 . . 1 . 3 2 Special Weapon 2 | . . 1 . . . . . . . 1 . Impact Weapon 9 | . . . . 1 1 . 2 . 1 2 2 Slashing Weapon . | . . . . . . . . . . . . Piercing Weapon . | . . . . . . . . . . . . Special Melee Weapon 2 | . . . . . 1 . . . . 1 . Unidentified Prototypes 15 | . . . . 1 . . . . . 2 12 Parts Lost 62 | . 12 3 1 7 14 . . 2 . . 23 Power 8 | . 3 1 . 2 . . . . . . 2 Propulsion 19 | . 4 1 . 1 7 . . . . . 6 Utility 17 | . 2 . 1 2 3 . . . . . 9 Weapon 18 | . 3 1 . 2 4 . . 2 . . 6 Highest Loss Streak 10 | . 3 1 1 3 4 . . 2 . . 10 To Critical Strikes . | . . . . . . . . . . . . Average Slot Usage (%) 96 | . 98 99 100 99 92 100 97 98 100 99 89 Engine 5 | . 13 10 11 7 4 . . . . . . Core 2 | . . . . 1 2 9 7 7 7 7 1 Treads 13 | . 20 22 33 24 12 18 1 . . . . Leg 1 | . 2 7 . . . . . . . . 6 Wheel 1 | . 4 3 . 2 1 . . . . . . Hover 11 | . . . . . 9 9 27 30 30 30 20 Device 12 | . 13 10 . 17 11 13 17 21 23 20 6 Storage 10 | . 14 11 11 9 8 9 7 7 7 8 14 Processor 1 | . . . . . 6 4 3 1 . . . Protection 7 | . . . 10 9 8 9 7 7 7 7 11 Energy Gun 11 | . 26 14 9 9 5 9 16 12 3 . 7 Ballistic Gun 8 | . 1 17 22 6 10 . . . 10 14 2 Ballistic Cannon 2 | . . . . 7 7 . . . . . . Impact Weapon 1 | . . . . . . . 3 5 7 4 5 Peak Build Rating 86 | 7 10 16 16 38 45 45 56 57 57 59 86 Average Rating 34 | 5 8 14 15 27 32 43 51 53 54 55 67 On Entrance 31 | . 7 10 15 15 34 45 42 53 49 56 55 Naked Turns . | . . . . . . . . . . . . Heaviest Build 79 | 13 50 56 57 76 79 39 40 36 40 41 43 Greatest Support 84 | 40 40 63 63 66 60 47 47 41 41 41 84 Greatest Overweight (x) 25 | . 4 5 . 7 25 . . . . 1 12 Average Overweight (x) . | . 1 1 . 1 1 . . . . . . Largest Inventory Capacity 20 | 8 20 20 20 20 20 10 10 10 10 10 10 Average Capacity 14 | 7 16 20 20 20 12 10 10 10 10 10 10 Most Carried 20 | 8 16 20 20 20 20 10 10 10 10 10 10 Average Carried 13 | 4 11 19 19 19 11 9 9 10 9 9 9 Final Capacity 20 | 8 20 20 20 20 10 10 10 10 10 10 10 Final Carried 20 | 7 16 20 20 20 10 10 10 10 10 10 10 Class Distribution -------------------- 42% | Mutant 20% | Scavenger-Tank 14% | Scavenger-Gunner 14% | Tank 5% | Scavenger-Mutant Dominant Class ---------------- Mutant | -10/Materials Scavenger-Gunner | -9/Materials Scavenger-Tank | -9/Mines Scavenger-Tank | -8/Materials Scavenger-Gunner | -8/Garrison Mutant | -8/Materials Mutant | -7/Factory Mutant | -7/Lower Caves Mutant | -7/Lower Caves Mutant | -7/Zion Mutant | -7/Deep Caves Resources | -11 -10 -9 -9 -8 -8 -8 -7 -7 -7 -7 -7 ----------- Run | Yrd Mat Mat Min Mat Gar Mat Fac Low Low Zio Dee Matter Collected 3836 | 270 136 315 238 446 1380 . 115 222 57 150 507 Remotely . | . . . . . . . . . . . . Salvage Created 4643 | 107 676 755 259 785 1234 19 259 137 . . 412 Parts 279 | 5 37 59 9 40 90 2 14 13 . . 10 Haulers Intercepted 2 | . 1 . . 1 . . . . . . . Recyclers Shooed 6 | . . 4 . 2 . . . . . . . Parts Field Recycled . | . . . . . . . . . . . . Retrieved Matter . | . . . . . . . . . . . . Parts Self-Destructed 8 | . . . . . . . . 5 3 . . Prevented . | . . . . . . . . . . . . Kills | -11 -10 -9 -9 -8 -8 -8 -7 -7 -7 -7 -7 ------- Run | Yrd Mat Mat Min Mat Gar Mat Fac Low Low Zio Dee Combat Hostiles Destroyed 126 | . 18 16 12 16 43 1 2 8 . . 10 Melee 3 | . . . . . 2 . 1 . . . . Guns 67 | . 15 14 8 9 19 1 . . . . 1 Cannons 11 | . . . . . 11 . . . . . . AOE 38 | . . 2 4 7 11 . 1 7 . . 6 Classes Destroyed 21 | 2 4 6 1 . 5 . . 1 . . 2 Worker 6 | . . 1 . 3 . . 2 . . . . Builder 2 | . . 1 . 1 . . . . . . . Tunneler 1 | 1 . . . . . . . . . . . Hauler 2 | . 1 . . 1 . . . . . . . Recycler 8 | 1 . 2 1 3 . . 1 . . . . Mechanic 1 | . . 1 . . . . . . . . . Operator 2 | . . 1 . . . . 1 . . . . Watcher 7 | . 2 2 . 1 . . 2 . . . . Swarmer 47 | . 5 7 . 6 19 1 2 7 . . . Saboteur 2 | . . . . . 2 . . . . . . Grunt 38 | . 13 4 3 9 9 . . . . . . Brawler 1 | . . 1 . . . . . . . . . Duelist 1 | . . . . . 1 . . . . . . Sentry 11 | . . 4 . 1 6 . . . . . . Specialist 2 | . . . . . 2 . . . . . . Hunter 3 | . . . . . 3 . . . . . . Programmer 1 | . . . . . 1 . . . . . . Z-Technician 5 | . . . . . . . . . . . 5 Z-Light 8 | . . . . . . . . . . . 8 Assembled 10 | . . . 9 . . . . . . . 1 Golem 1 | . . . . . . . . . . . 1 Mutant 1 | . . . . . . . . 1 . . . Best Kill Streak 9 | 2 4 6 7 6 9 1 2 7 . . 5 Combat Bots Only 9 | . 4 5 7 4 9 1 1 7 . . 5 Max Kills in Single Turn 5 | 1 1 2 2 3 4 1 1 3 . . 5 Gunslinging 1 | . . 1 . . . . . . . . . Exploded 4 | . . 2 2 2 4 . 1 3 . . 3 Melee 1 | . . . . . 1 . 1 . . . . Uniques/NPCs Destroyed 1 | . . . . . . . . . . . 1 Z-Imprinter (-7/Deep Caves) Combat | -11 -10 -9 -9 -8 -8 -8 -7 -7 -7 -7 -7 -------- Run | Yrd Mat Mat Min Mat Gar Mat Fac Low Low Zio Dee Hostile Shots Fired 848 | . 160 58 32 113 268 4 43 12 11 . 147 Missed 227 | . 31 12 9 25 72 2 21 4 5 . 46 Damage Taken 10248 | . 1356 621 434 1070 2917 13 307 191 53 . 3286 Core 1531 | . 191 105 105 135 287 . 61 17 . . 630 Absorbed by Shields 235 | . . . . 235 . . . . . . . Redirected to Shielding 571 | . . . . . . . . . . . 571 Core Remaining (%) 48 | 100 23 . 47 . . 23 . . . . . Volleys Fired 344 | 2 80 48 26 49 87 1 12 7 . . 32 Largest 3 | 2 2 3 3 3 3 2 3 2 . . 3 Hottest 185 | 100 100 110 93 141 165 146 185 120 . . 146 Shots Fired 795 | 4 159 134 57 116 217 2 25 9 . . 72 Gun 655 | 4 159 132 53 96 122 1 25 4 . . 59 Cannon 101 | . . . . 10 85 1 . . . . 5 Launcher 38 | . . 1 4 10 10 . . 5 . . 8 Special 1 | . . 1 . . . . . . . . . Kinetic 373 | . 16 62 36 52 172 . . . . . 35 Thermal 301 | 4 143 71 17 54 . . . . . . 12 Explosive 29 | . . 1 4 6 5 . . 5 . . 8 Electromagnetic 92 | . . . . 4 40 2 25 4 . . 17 Robot Hit Streak 26 | 4 10 14 11 26 7 2 5 4 . . 7 Robot Miss Streak 7 | . 4 4 3 2 4 . 2 3 . . 7 Penetration Max 1 | . . . . . 1 . . . . . 1 Secondary Targets 5 | . . 3 . . 2 . . . . . . Max Gunslinging Chain 1 | . . 1 . . 1 . . . . . . Shots Hit Robots 470 | 4 97 80 36 78 108 2 14 5 . 5 41 Core Hits 274 | 3 37 43 21 49 69 1 8 7 . . 36 Critical Kills 4 | . . 1 . . 1 . 1 . . . 1 Critical Parts Destroyed 6 | . . . . . 3 . . . . . 3 Critical Strikes 28 | . 7 2 . 3 7 . 3 . . . 6 Burn 11 | . 7 1 . 3 . . . . . . . Destroy 8 | . . 1 . . 1 . . . . . 6 Blast 3 | . . . . . 3 . . . . . . Corrupt 2 | . . . . . . . 2 . . . . Smash 4 | . . . . . 3 . 1 . . . . Melee Attacks 31 | . . . . . 10 1 8 1 . 5 6 Impact 21 | . . . . . 6 . 8 1 . . 6 Slashing . | . . . . . . . . . . . . Piercing . | . . . . . . . . . . . . Sneak Attacks 10 | . . . . . 4 1 . . . 5 . Combat Hostiles 4 | . . . . . 4 . . . . . . Follow-up Attacks . | . . . . . . . . . . . . Damage Inflicted 13429 | 51 1179 1135 661 1946 3416 21 430 660 . . 3930 Guns 5177 | 51 1172 911 442 815 951 21 310 95 . . 409 Cannons 1248 | . . . . 126 996 . . . . . 126 Explosions 6476 | . . 207 212 963 1254 . 74 565 . . 3201 Melee 448 | . . . . . 215 . 46 . . . 187 Ramming 80 | . 7 17 7 42 . . . . . . 7 Kinetic 2799 | . 88 394 291 338 1572 . . . . . 116 Thermal 4984 | 51 1084 517 151 603 121 . 74 . . . 2383 Explosive 3733 | . . 118 212 874 943 . . 565 . . 1021 Electromagnetic 1385 | . . 89 . 89 565 21 310 95 . . 216 Impact 448 | . . . . . 215 . 46 . . . 187 Slashing . | . . . . . . . . . . . . Piercing . | . . . . . . . . . . . . Highest Corruption 8 | . 3 2 2 . 8 8 5 5 5 5 . Average Corruption 4 | . 2 2 2 . 6 8 4 5 5 5 . Corruption Purged . | . . . . . . . . . . . . Corruption Blocked . | . . . . . . . . . . . . Effects 105 | . . 9 17 . 48 11 8 8 4 . . Message Errors 28 | . . 1 3 . 16 2 2 2 2 . . Matter Fused 25 | . . 2 4 . 14 3 1 1 . . . Heat Flow Errors 12 | . . 3 2 . 5 2 . . . . . Energy Discharges 10 | . . . 3 . 2 2 1 2 . . . Parts Rejected 1 | . . . . . . . 1 . . . . Data Loss (minor) 11 | . . 1 . . 2 2 3 2 1 . . Data Loss (major) 5 | . . . 2 . 1 . . 1 1 . . Misfires 6 | . . 1 2 . 3 . . . . . . Alerts 1 | . . . . . 1 . . . . . . Weapon Failures 6 | . . 1 1 . 4 . . . . . . Overload Shots . | . . . . . . . . . . . . Overflow Damage 528 | . . . . 11 131 . . 129 . . 257 Projectiles 25 | . . . . . 25 . . . . . . Explosions 327 | . . . . 11 . . . 129 . . 187 Melee 176 | . . . . . 106 . . . . . 70 Knockbacks 16 | . 1 1 . . 14 . . . . . . Impact 6 | . 1 1 . . 4 . . . . . . Kinetic 8 | . . . . . 8 . . . . . . Secondary 2 | . . . . . 2 . . . . . . Self-Inflicted Damage 278 | . . 29 34 14 135 . . 63 . . 3 Shots 9 | . . 1 1 1 5 . . 1 . . . Rammed 12 | . 3 1 2 5 . . . . . . 1 Targets Rammed 14 | . 3 2 2 6 . . . . . . 1 Kicked . | . . . . . . . . . . . . Crushed 2 | . . 1 . 1 . . . . . . . Highest Temperature 420 | 39 328 171 267 325 215 254 245 27 . . 420 Average Temperature 77 | 19 60 61 72 112 68 87 56 15 . . 131 Received Heat Transfer 2846 | . 570 174 27 575 612 . 42 . 12 . 834 Effects 14 | . . . 3 5 1 1 2 . . . 2 Energy Bleed 2 | . . . . . . 1 . . . . 1 Interference 11 | . . . 3 5 1 . 2 . . . . Damage (major) 1 | . . . . . . . . . . . 1 Siege Activations . | . . . . . . . . . . . . Robots Corrupted 5 | . . . . . 1 . . 1 . . 3 Combat Hostiles 4 | . . . . . . . . 1 . . 3 Parts Fried 9 | . . . . . 2 . 3 2 . . 2 Impact Corruptions 7 | . . . . . 4 . . . . . 3 Robots Melted 3 | . 3 . . . . . . . . . . Combat Hostiles 3 | . 3 . . . . . . . . . . Parts Melted 12 | 1 6 3 . 1 . . . . . . 1 Heat Transferred 7843 | 148 3737 1414 444 1628 150 . 100 . . . 222 Parts Sabotaged 10 | . . . . . 10 . . . . . . Parts Stolen . | . . . . . . . . . . . . Parts Stripped . | . . . . . . . . . . . . Power Chain Reactions 2 | . . . . . 1 . 1 . . . . Alert | -11 -10 -9 -9 -8 -8 -8 -7 -7 -7 -7 -7 ------- Run | Yrd Mat Mat Min Mat Gar Mat Fac Low Low Zio Dee Peak Influence 1373 | 10 129 442 148 397 1373 744 519 . . . . Initial 668 | . 6 39 113 . 152 668 338 . . . . Average 339 | 5 59 184 61 186 851 683 395 . . . . Maximum Alert Level 4 | . . 2 . 1 4 3 2 . . . . Low Security (%) 48 | 100 100 55 100 47 4 . . . . . . Level 1 23 | . . 35 . 52 14 . 59 . . . . Level 2 12 | . . 9 . . 17 78 40 . . . . Level 3 8 | . . . . . 31 21 . . . . . Level 4 7 | . . . . . 33 . . . . . . Level 5 . | . . . . . . . . . . . . High Security . | . . . . . . . . . . . . Max Security . | . . . . . . . . . . . . Squads Dispatched 11 | . 4 . . 4 . . 3 . . . . Investigation 6 | . 3 . . 1 . . 2 . . . . Extermination . | . . . . . . . . . . . . Reinforcement 2 | . 1 . . . . . 1 . . . . Assault . | . . . . . . . . . . . . Garrison 3 | . . . . 3 . . . . . . . Intercept . | . . . . . . . . . . . . Searches Triggered . | . . . . . . . . . . . . Construction Impeded . | . . . . . . . . . . . . Haulers Reinforced . | . . . . . . . . . . . . Active Scanning Responses . | . . . . . . . . . . . . Cargo Convoy Interrupts . | . . . . . . . . . . . . Stealth | -11 -10 -9 -9 -8 -8 -8 -7 -7 -7 -7 -7 --------- Run | Yrd Mat Mat Min Mat Gar Mat Fac Low Low Zio Dee Distress Signals 5 | . 1 1 . 3 . . . . . . . Communications Jammed . | . . . . . . . . . . . . Distress Signals . | . . . . . . . . . . . . Times Spotted 196 | . 34 26 13 22 48 4 20 8 4 . 17 Peak Tracking Total 7 | . 5 4 3 6 7 2 7 4 3 . 5 Tactical Retreats 18 | . 1 1 . 4 4 . 7 . 1 . . Traps | -11 -10 -9 -9 -8 -8 -8 -7 -7 -7 -7 -7 ------- Run | Yrd Mat Mat Min Mat Gar Mat Fac Low Low Zio Dee Traps Triggered 15 | . 4 1 . 1 5 . 4 . . . . Indirectly . | . . . . . . . . . . . . Trap Hack Attempts . | . . . . . . . . . . . . Triggered . | . . . . . . . . . . . . Disarmed . | . . . . . . . . . . . . Reprogrammed . | . . . . . . . . . . . . Reused . | . . . . . . . . . . . . Traps Extracted . | . . . . . . . . . . . . Installed . | . . . . . . . . . . . . Triggered . | . . . . . . . . . . . . Machines | -11 -10 -9 -9 -8 -8 -8 -7 -7 -7 -7 -7 ---------- Run | Yrd Mat Mat Min Mat Gar Mat Fac Low Low Zio Dee Machines Disabled 16 | . . 4 . 1 4 . 1 1 . 3 2 Max in Single Turn 2 | . . 1 . 1 1 . 1 1 . 1 2 Garrison Access 1 | . . . . . . . 1 . . . . Phase Generator 1 | . . . . . 1 . . . . . . Machines Repaired . | . . . . . . . . . . . . Machines Dismantled 3 | . . . . . . . . . . 3 . Machines Sabotaged . | . . . . . . . . . . . . Overloaded Fab Kills . | . . . . . . . . . . . . Hacking | -11 -10 -9 -9 -8 -8 -8 -7 -7 -7 -7 -7 --------- Run | Yrd Mat Mat Min Mat Gar Mat Fac Low Low Zio Dee Machines Accessed 31 | . 6 3 . 4 2 1 13 1 1 . . Terminals 23 | . 6 3 . 2 2 1 9 . . . . Fabricators 2 | . . . . . . . 2 . . . . Repair Stations . | . . . . . . . . . . . . Recycling Units . | . . . . . . . . . . . . Scanalyzers 1 | . . . . 1 . . . . . . . Garrison Access 3 | . . . . 1 . . 2 . . . . Total Hacks 79 | . 14 6 . 10 4 3 38 3 1 . . Successful 35 | . 7 3 . 7 . 1 13 3 1 . . Failed 44 | . 7 3 . 3 4 2 25 . . . . Catastrophic 5 | . 1 . . . 1 . 3 . . . . Database Lockouts . | . . . . . . . . . . . . Manual 26 | . 6 2 . 5 . . 13 . . . . Terminals 58 | . 14 6 . 7 4 3 24 . . . . Fabricators 9 | . . . . . . . 9 . . . . Repair Stations . | . . . . . . . . . . . . Recycling Units . | . . . . . . . . . . . . Scanalyzers 2 | . . . . 2 . . . . . . . Garrison Access 6 | . . . . 1 . . 5 . . . . Terminal Hacks 20 | . 4 2 . 4 . 1 5 3 1 . . Record 3 | . . . . . . . . 3 . . . Robot Analysis 1 | . . . . . . . 1 . . . . Prototype ID Bank 4 | . 1 . . 3 . . . . . . . Open Door 1 | . . . . . . . . . 1 . . Level Access Points 2 | . 1 . . . . 1 . . . . . Locate Traps 4 | . 1 2 . . . . 1 . . . . Hauler Manifests 2 | . . . . 1 . . 1 . . . . Zone Layout 3 | . 1 . . . . . 2 . . . . Fabricator Hacks 3 | . . . . . . . 3 . . . . Load Schematic 2 | . . . . . . . 2 . . . . Build 1 | . . . . . . . 1 . . . . Repair Station Hacks . | . . . . . . . . . . . . Recycling Unit Hacks . | . . . . . . . . . . . . Scanalyzer 2 | . . . . 2 . . . . . . . Insert Component 1 | . . . . 1 . . . . . . . Analyze 1 | . . . . 1 . . . . . . . Garrison Access Hacks 2 | . . . . 1 . . 1 . . . . Unlock Access 1 | . . . . 1 . . . . . . . Seal Access 1 | . . . . . . . 1 . . . . Unauthorized Hacks 8 | . 3 1 . . . . 4 . . . . Terminals 8 | . 3 1 . . . . 4 . . . . Track 2 | . 1 . . . . . 1 . . . . Botnet 5 | . 2 1 . . . . 2 . . . . Operators 1 | . . . . . . . 1 . . . . Fabricators . | . . . . . . . . . . . . Repair Stations . | . . . . . . . . . . . . Recycling Units . | . . . . . . . . . . . . Scanalyzers . | . . . . . . . . . . . . Garrison Access . | . . . . . . . . . . . . Data Cores Recovered 1 | . . 1 . . . . . . . . . Used . | . . . . . . . . . . . . Hacking Detections 25 | . 4 3 . 3 2 . 13 . . . . Full Trace Events 3 | . 1 . . . 1 . 1 . . . . Feedback Events 1 | . . . . . 1 . . . . . . Corruption 1 | . . . . . 1 . . . . . . Feedback Blocked . | . . . . . . . . . . . . Robot Schematics Acquired . | . . . . . . . . . . . . Robots Built . | . . . . . . . . . . . . Authchips . | . . . . . . . . . . . . Time . | . . . . . . . . . . . . Total Robot Build Rating . | . . . . . . . . . . . . Part Schematics Acquired 1 | . . . . 1 . . . . . . . Parts Built 2 | . . . . . . . 2 . . . . Authchips . | . . . . . . . . . . . . Time 47 | . . . . . . . 47 . . . . Total Part Build Rating 10 | . . . . . . . 10 . . . . Parts Repaired . | . . . . . . . . . . . . Time . | . . . . . . . . . . . . Parts Recycled . | . . . . . . . . . . . . Recycled Matter . | . . . . . . . . . . . . Retrieved Matter . | . . . . . . . . . . . . Retrieved Components . | . . . . . . . . . . . . Parts Scanalyzed 1 | . . . . 1 . . . . . . . Part Schematics Acquired 1 | . . . . 1 . . . . . . . Parts Damaged 1 | . . . . 1 . . . . . . . Bothacking | -11 -10 -9 -9 -8 -8 -8 -7 -7 -7 -7 -7 ------------ Run | Yrd Mat Mat Min Mat Gar Mat Fac Low Low Zio Dee Used RIF Installer . | . . . . . . . . . . . . Robots Hacked 6 | . . . . . . 1 . . . 5 . Non-combat 2 | . . . . . . 1 . . . 1 . Combat 4 | . . . . . . . . . . 4 . Robot Hacks Applied 6 | . . . . . . 1 . . . 5 . parse_system 5 | . . . . . . . . . . 5 . no_distress 1 | . . . . . . 1 . . . . . Relay Couplers Released 3 | . . . . . 3 . . . . . . Programmers 3 | . . . . . 3 . . . . . . Fabnet Peak Effective % . | . . . . . . . . . . . . Robots Rewired 1 | . . . . . 1 . . . . . . Allies Hacked . | . . . . . . . . . . . . Hacks Repelled . | . . . . . . . . . . . . Allies | -11 -10 -9 -9 -8 -8 -8 -7 -7 -7 -7 -7 -------- Run | Yrd Mat Mat Min Mat Gar Mat Fac Low Low Zio Dee Total Allies 3 | . . . . . 1 . . . . 2 . Largest Group 2 | . . . . . 1 1 1 . . 2 2 Highest-Rated Group 62 | . . . . . 21 21 21 . . 62 62 Highest-Rated Ally 31 | . . . . . 21 21 21 . . 31 31 Total Orders . | . . . . . . . . . . . . Ally Attacks 63 | . . . . . 11 3 2 . . . 47 Total Damage 806 | . . . . . 81 67 46 . . . 612 Kills 9 | . . . . . 1 1 1 . . . 6 Allies Corrupted . | . . . . . . . . . . . . Allies Melted . | . . . . . . . . . . . . Intel | -11 -10 -9 -9 -8 -8 -8 -7 -7 -7 -7 -7 ------- Run | Yrd Mat Mat Min Mat Gar Mat Fac Low Low Zio Dee Robot Analysis Total 1 | . . . . . . . 1 . . . . Derelict Logs Recovered 7 | . . . 1 . . . . 2 2 2 . Drone Launches . | . . . . . . . . . . . . Drone Recoveries . | . . . . . . . . . . . . Exploration | -11 -10 -9 -9 -8 -8 -8 -7 -7 -7 -7 -7 ------------- Run | Yrd Mat Mat Min Mat Gar Mat Fac Low Low Zio Dee Turns Passed 10423 | 124 1428 804 989 1387 1792 252 875 338 203 850 1381 Spaces Moved 7407 | 65 645 357 522 596 930 148 1228 599 287 1453 577 Core 19 | 3 . . . . 4 . . . . . 12 Treads 2136 | 62 375 235 522 419 327 148 48 . . . . Legs 43 | . . . . . . . . . . . 43 Wheels 716 | . 270 122 . 177 147 . . . . . . Hover 4493 | . . . . . 452 . 1180 599 287 1453 522 Flight . | . . . . . . . . . . . . Fastest Speed 30 | 50 110 140 160 160 42 165 43 50 50 50 30 Average Speed 103 | 154 176 153 160 182 142 165 50 50 50 50 107 Slowest Speed 1300 | 160 240 160 160 240 1300 165 165 50 50 122 650 Overloaded Moves . | . . . . . . . . . . . . Propulsion Burnouts . | . . . . . . . . . . . . Robots Hopped . | . . . . . . . . . . . . Cave-ins Triggered . | . . . . . . . . . . . . Exploration Rate (%) 55 | 5 91 38 96 28 83 23 32 72 40 90 70 Regions Visited 11 Branch Regions 5 Pre-discovered Areas 3 | . . . 2 . . . . 1 . . . Known Exits Taken 5 | . 1 . . 1 . 1 1 . 1 . . Unknown Exits Taken 5 | 1 . 1 1 . . . . 1 . 1 . Scrap Searched 8 | . . . 1 . . . . 1 3 3 . Spaces Dug 8 | . . 1 . . 2 . 5 . . . . Terrain Destroyed 336 | . . 6 39 35 94 . 14 65 . . 83 Melee 5 | . . . . . . . 5 . . . . Projectile 12 | . . 1 . 4 6 . . . . . 1 AOE 319 | . . 5 39 31 88 . 9 65 . . 82 Terrain Rammed . | . . . . . . . . . . . . Walls Destroyed . | . . . . . . . . . . . . Machines Disabled . | . . . . . . . . . . . . Actions | -11 -10 -9 -9 -8 -8 -8 -7 -7 -7 -7 -7 --------- Run | Yrd Mat Mat Min Mat Gar Mat Fac Low Low Zio Dee Total 9412 | 81 774 520 629 808 1221 156 1447 625 344 1547 1260 Wait 1108 | . 10 58 63 82 39 2 160 11 49 29 605 Move 7396 | 64 644 356 521 595 929 147 1227 598 286 1452 577 Hop . | . . . . . . . . . . . . Pick Up 106 | 8 19 18 4 19 23 2 8 . 2 1 2 Fast Attach 87 | 6 2 3 1 9 27 . 3 3 1 13 19 Attach 55 | 1 10 5 2 9 13 1 7 . 1 . 6 Detach 20 | . . . . 4 6 1 4 1 . . 4 Swap 77 | . 4 13 6 13 20 . 7 2 3 5 4 Drop 111 | . 2 17 4 22 31 1 11 2 2 15 4 Fire 344 | 2 80 48 26 49 87 1 12 7 . . 32 Melee 31 | . . . . . 10 1 8 1 . 5 6 Ram 1 | . . . . . . . . . . . 1 Kick . | . . . . . . . . . . . . Crush 13 | . 3 2 2 6 . . . . . . . Escape Stasis 34 | . . . . . 34 . . . . . . Rewire 2 | . . . . . 2 . . . . . . Trap . | . . . . . . . . . . . . Miscellaneous 27 | . . . . . . . . . . 27 . Route ------- -11/Scrapyard -10/Materials (discovered 5 exits: *Mat x3 / [*Min x2]) -9/Materials (discovered 2 exits: *Mat / [*Min]) -9/Mines (discovered 3 exits: *Mat x2 / *Zio) -8/Materials (discovered 2 exits: *Fac / Gar) -8/Garrison (discovered 3 exits: *Mat x3) -8/Materials (discovered 3 exits: *Fac x3) -7/Factory (discovered 3 exits: *Fac x2 / *Low) -7/Lower Caves -7/Lower Caves -7/Zion (discovered 2 exits: [*Dee] / [*Pro]) -7/Deep Caves History --------- Turn | Location | Event 11 | -11/Scrapyard | Discovered new exit (range 15) 125 | -11/Scrapyard | Entered Materials 151 | -10/Materials | Discovered new exit (range 13) 170 | -10/Materials | Discovered new exit (range 16) 310 | -10/Materials | Build established: Mutant 341 | -10/Materials | Discovered new exit (range 14) 1091 | -10/Materials | Lost 3 parts (1p2n) 1098 | -10/Materials | Identified exit to Materials 1295 | -10/Materials | Core integrity fell below 50% 1466 | -10/Materials | Lost 3 parts (1n2w) 1553 | -10/Materials | Entered another Materials area 1553 | -9/Materials | Evolved 2 slots: Propulsion x1, Weapon x1 1892 | -9/Materials | Build established: Scavenger-Gunner 2167 | -9/Materials | Discovered new exit (range 15) 2343 | -9/Materials | Discovered new exit (range 6) 2357 | -9/Materials | Entered Mines 2358 | -9/Mines | Learned location of Storage (-7) 2358 | -9/Mines | Assembled infested the area 2550 | -9/Mines | Discovered new exit (range 10) 2604 | -9/Mines | Destroyed 7 combat bots 2775 | -9/Mines | A Derelict revealed a hidden shortcut to a safe place 2811 | -9/Mines | Build established: Scavenger-Tank 2902 | -9/Mines | Learned location of Zion (-7) 3046 | -9/Mines | Discovered new exit (range 5) 3344 | -9/Mines | Core integrity fell below 50% 3346 | -9/Mines | Entered Materials 3346 | -8/Materials | Evolved 2 slots: Utility x2 3842 | -8/Materials | Garrison activated, responded to threat 4028 | -8/Materials | Lost 3 parts (1p1u1w) 4065 | -8/Materials | Discovered new exit (range 16) 4280 | -8/Materials | Identified exit to Garrison 4687 | -8/Materials | Build established: Tank 4733 | -8/Materials | Entered Garrison 4755 | -8/Garrison | Triggered checkpoint 5051 | -8/Garrison | Triggered checkpoint 5105 | -8/Garrison | Destroyed 9 combat bots 5129 | -8/Garrison | Lost 4 parts (3n1u) 5178 | -8/Garrison | Lost 4 parts (1u3w) 5207 | -8/Garrison | Triggered checkpoint 5241 | -8/Garrison | Core integrity fell below 50% 5365 | -8/Garrison | Phase Generator disabled 5682 | -8/Garrison | Discovered new exit (range 9) 5888 | -8/Garrison | Build established: Scavenger-Gunner 5968 | -8/Garrison | Discovered new exit (range 15) 6193 | -8/Garrison | Triggered checkpoint 6214 | -8/Garrison | Discovered new exit (range 11) 6362 | -8/Garrison | Lost 3 parts (2n1w) 6525 | -8/Garrison | Entered Materials 6525 | -8/Materials | Accompanied by 1 ally 6662 | -8/Materials | Identified exit to Factory 6777 | -8/Materials | Entered Factory 6777 | -7/Factory | Accompanied by 1 ally 6777 | -7/Factory | Evolved 2 slots: Propulsion x1, Utility x1 6923 | -7/Factory | Build established: Mutant 7185 | -7/Factory | Discovered new exit (range 5) 7207 | -7/Factory | Identified exit to Factory 7214 | -7/Factory | Discovered new exit (range 5) 7216 | -7/Factory | Identified exit to Lower Caves 7339 | -7/Factory | Fabricated Cmb. Airjet (x2) 7469 | -7/Factory | Discovered exit to Factory (range 4) 7652 | -7/Factory | Entered Lower Caves 7720 | -7/Lower Caves | Met a Warlord Commander 7721 | -7/Lower Caves | Learned location of Warlord (-5) 7722 | -7/Lower Caves | Warlord Commander delivered Encrypted Comm Array 7723 | -7/Lower Caves | Found Unknown Device 7723 | -7/Lower Caves | Identified Encrypted Comm Array 7745 | -7/Lower Caves | Learned Factory emergency access door positions 7760 | -7/Lower Caves | Learned Factory security intel 7763 | -7/Lower Caves | Learned Factory emergency access door positions 7781 | -7/Lower Caves | Encountered a Warlord checkpoint 7799 | -7/Lower Caves | Attacked by a delusional Derelict stockpiling parts 7971 | -7/Lower Caves | Destroyed 7 combat bots 7976 | -7/Lower Caves | Discovered new exit (range 11) 7990 | -7/Lower Caves | Entered another Lower Caves area 7995 | -7/Lower Caves | Spotted B-75 Beast 7997 | -7/Lower Caves | Learned Factory terminal intel 8148 | -7/Lower Caves | Identified exit to Zion 8193 | -7/Lower Caves | Entered Zion 8210 | -7/Zion | System corruption cleaned by Quarantine Array 8236 | -7/Zion | Discovered new exit (range 13) 8241 | -7/Zion | Found Prototype Launcher 8241 | -7/Zion | Identified Rocket Array 8244 | -7/Zion | Found Prototype Launcher 8244 | -7/Zion | Identified Gui. Missile Launcher 8359 | -7/Zion | Gained Derelict followers 8385 | -7/Zion | Given A8's code to call for help 8726 | -7/Zion | Met Imprinter 9037 | -7/Zion | Discovered new exit (range 3) 9037 | -7/Zion | Saw the warning signs outside the Deep Caves entrance 9043 | -7/Zion | Entered Deep Caves 9043 | -7/Deep Caves | Accompanied by 2 allies 9141 | -7/Deep Caves | Z-Facility disabled 9177 | -7/Deep Caves | Build established: Tank 9284 | -7/Deep Caves | Attacked by Z-Imprinter 9338 | -7/Deep Caves | Allies destroyed Z-Imprinter 9340 | -7/Deep Caves | Core integrity fell below 50% 9351 | -7/Deep Caves | Found Prototype Device 9351 | -7/Deep Caves | Identified Zio. Metafield Generator 9366 | -7/Deep Caves | Found Prototype Protection 9366 | -7/Deep Caves | Identified Zio. Weapon Casing 9372 | -7/Deep Caves | Lost 10 parts (1p2n3u4w) 9443 | -7/Deep Caves | Found Zio. Weapon Casing 9601 | -7/Deep Caves | Core integrity fell below 20% 9671 | -7/Deep Caves | Found Zio. Weapon Casing 9686 | -7/Deep Caves | Lost 8 parts (1p2n3u2w) 9709 | -7/Deep Caves | Found Zio. Weapon Casing 9945 | -7/Deep Caves | Build established: Mutant 10039 | -7/Deep Caves | Spotted AG-78646 10072 | -7/Deep Caves | Destroyed AG-78646 10076 | -7/Deep Caves | Found GOLEM Unit 10101 | -7/Deep Caves | Lost 3 parts (1n2u) 10392 | -7/Deep Caves | Spotted AG-04813 10424 | -7/Deep Caves | Destroyed by AG-04813 with Assembled Focal Cannon Last Messages --------------- 09810_ Acquired Prototype Leg. 09810_ Identified Zio. Composite Leg I. 10040_ AG-78646: "DSI9AT1D G8OHIBQ29FWG 26R186 QD12WHW8W33 TDK1 81FTS" 10063_ Zio. Light Carapace destroyed. 10067_ Zio. Glidesys I destroyed. 10070_ Zio. Weapon Casing destroyed. 10072_ AG-78646 system terminally corrupted. 10075_ Overheating: Lightning Gun damaged (-31). 10076_ Acquired GOLEM Unit. 10077_ GOLEM Unit beginning Asb. Alloy Leg integration. 10104_ Dropped Broken Cmb. Airjet. 10209_ Asb. Alloy Leg integration complete. 10210_ GOLEM Unit beginning Asb. Alloy Leg integration. 10342_ Asb. Alloy Leg integration complete. 10343_ Acquired 95 matter. 10369_ Dropped Cmb. Airjet. 10370_ Acquired Lgt. Treads. 10394_ AG-04813: "DSI9AT1D G8OHIBQ29FWG 26R186 QD12WHW8W33 TDK1 81FTS" 10396_ Lgt. Treads destroyed. 10424_ Zio. Weapon Casing destroyed. Map ----- +----------------------------------------------------+ | | | | | | | | | | | | | ?????????????????????????????????????????????????? | | ?????????????????????????????????????????????????? | | ?????????????????????????????????????????????????? | | ?????????????????????????????????????????????????? | | ????????????????????#????????????????????????????? | | ?????????????????#?? ????????????????????????????? | | ?????????????? # ? ????????????????????????????? | | ???????????? # ??##????????????????????????? | | ?????????? # ?? #????????????????????????? | | ?????????? ?? #????????????????????????? | | ?????????"" ?? #????????????????????????? | | ????????? ## #????????????????????????? | | ????????" # #????????????????????????? | | ????????" ????????????????????????? | | ????????# ?????????????????????????? | | ?????????" ?????????????????????????? | | ?????????" ??????????????????????????? | | ?????????" ??????????????????????????? | | ?????????" #####??????????????????????? | | ?????????" ##;@#??????????????????????? | | ????????# ###G####???????????????????? | | ????????# [![ # #???????????????????? | | ????????# [ ####???????????????????? | | ????????# ###?????????####??????? | | ????????# #????????## #######? | | ????????# [ = ###????????# ## | | ????????# [ ##?????????# # | | ????????# [ = #????????## # | | ????????# #??????### # | | ????????# #?????## | | ????????# = = #????## | | ?????????" *h #???## ### | | ?????????" #???# ##?## | | ?????????" [ [* * #???# #???## | | ?????????" [ ##??# #????##### | | ????????"" !! #??## ######???## | | ????????# ! [[ #???# ##???### | | ????????" #?### ##????# | | ????????" ! [ [ ### #????? | | ????????" #### #??### | | ????????""" ###??## #?## | | ????????" ##?????# ## | | ????????"" # ##??????# ## | | ????????" ## #???????## ### | +----------------------------------------------------+ Best States ------------- Heat Dissipation 72 Energy Generation 27 Energy Capacity 700 Matter Stores 300 Matter Capacity 300 Sight Range 16 Terrain Scan Range 16 Terrain Scan Density 10 Jamming Range 14 Armor Coverage 450 Weapon Shielding 100 Evasion (%) 56 Core Analysis 6 Recoil Reduction 3 Item Schematics ----------------- Cmb. Airjet | -8/Materials | Scanalyzed Robot Schematics ------------------ None Fabricated ------------ Cmb. Airjet | x2 | -7/Factory Alien Tech Used ----------------- None Achievements -------------- None Challenges ------------ None Game ------ Seed IonStructuralWings Manual? 0 Play Time 01:57:30 Cumulative 226.5 hours Start 2024.12.04 @ 22:01:05 End 2024.12.06 @ 22:05:47 Sessions 5 Manual Loads 0 Difficulty Rogue Special Mode None Game No. 77 Rogue 76 Adventurer 1 Explorer 0 Win Type - Total 5 Types 4/0/1/0/0/0/0/0/0 Lore% 59 Gallery% 72 Achievement% 57 Wizard Run 0 Options --------- Layout 0 ASCII 1 Keyboard 1 Movement Vi Keybinds 0 Fullscreen 2 Font 36/Terminus++ Map View 76x50 Zoom Use 0% Tactical HUD 1 Map Filters NONE Filters NONE Steam 1 RUN: b224af43-dffa-40fc-8618-be15f515d8f8